[Event "45th FIDE Womens Olympiad 2024"]
[Site "Budapest"]
[Date "2024.09.19"]
[Round "8.1"]
[White "Kashlinskaya, Alina"]
[Black "Dronavalli, Harika"]
[Result "1-0"]
[ECO "D50"]
[WhiteElo "2490"]
[BlackElo "2502"]
[Annotator "TA"]
[PlyCount "135"]
[EventDate "2024.09.05"]
[EventType "team-tourn"]
[EventCountry "HUN"]
[SourceTitle "playchess.com"]
[Source "ChessBase"]
[SourceQuality "1"]
[WhiteTeam "Poland"]
[BlackTeam "India"]
[WhiteTeamCountry "POL"]
[BlackTeamCountry "IND"]
[TimeControl "40/5400+30:1800+30"]

1. d4 d5 2. c4 e6 3. Nc3 Nf6 4. Nf3 c5 5. cxd5 cxd4 6. Qxd4 exd5 7. Bg5 Be7 8. e3 O-O {[%emt 0:00:39] D50: Queen's Gambit Declined: Dutch-Peruvian Gambit.} 9. Rd1 Nc6 10. Qa4 Bb4 {[%emt 0:04:06] seems to push 10...Be6 aside.} 11. Bb5 h6 12. Bh4 g5 13. Bxc6 Bxc3+ 14. bxc3 bxc6 15. Bg3 Ne4 16. Qxc6 Be6 17. Be5 $146 ({Predecessor:} 17. O-O Rc8 18. Qa6 Nxc3 19. Rd2 Qb6 20. Qxb6 axb6 21. Rb2 b5 22. Nd4 Rc4 23. Nxb5 Nxb5 24. Rxb5 {1-0 Khismatullin,D (2594)-Deac,B (2700) Titled Tuesday intern op 14th Mar Late blitz 2023 (7)}) 17... Qc8 18. Nd4 Nxc3 19. Rd2 Ne4 20. Rc2 Qxc6 21. Nxc6 f6 22. Bd4 Rf7 23. O-O a6 24. Rfc1 Nd6 25. Bc5 Nf5 26. g4 Bd7 27. Ba3 Nh4 28. Ne7+ Kg7 29. h3 h5 30. Nxd5 hxg4 31. Nb6 Nf3+ 32. Kg2 Nh4+ ({Better is} 32... Bf5 $1 $14) 33. Kh2 $1 $16 Rd8 34. Nxd7 Rfxd7 35. hxg4 Kg6 36. Kg3 Rd1 37. Bb2 Rxc1 38. Rxc1 (38. Bxc1 Rd1 $11) 38... Rd6 39. a4 f5 40. gxf5+ Nxf5+ 41. Kf3 Rd2 42. Be5 Nh4+ 43. Kg4 Rxf2 44. Rc6+ Kf7 45. Rxa6 Rg2+ 46. Kh5 Re2 $2 (46... Ke7 $16 {was worth a try.} 47. Bf6+ Kd7 48. Bxg5 Nf5) 47. Bd4 $1 $18 (47. Kxg5 Nf3+ 48. Kf5 Nxe5 $11) 47... Ng2 {[%emt 0:00:08] [#]} 48. Kg4 $1 (48. Kxg5 Nxe3 49. a5 Nc4 $11) 48... Re1 49. Rf6+ (49. Kxg5 Nxe3 50. Rc6 Nd5 $11) 49... Ke7 50. Rf3 (50. Kxg5 Nxe3 51. Bc5+ Kd7 $11) 50... Rg1 51. Kh5 $2 (51. Kxg5 Ne1+ 52. Kf4 Nxf3 53. Kxf3 Rg5 $11) (51. Rg3 $18 Nxe3+ 52. Bxe3) 51... Ne1 $16 52. Rf5 Nc2 {[%emt 0:00:54] [#]} 53. Bb6 $1 (53. Rxg5 $6 Rh1+ 54. Kg4 Nxd4 $11) 53... g4 54. e4 (54. a5 $18 {and White stays clearly on top. a6 is the strong threat.} g3 55. e4 Rh1+ 56. Kg6) 54... Re1 $16 55. a5 (55. Kxg4 Rxe4+ 56. Rf4 Ne3+ 57. Kg3 Rxf4 58. Bc5+ (58. Kxf4 Nd5+ 59. Ke4 Nxb6 $11) 58... Kd7 59. Kxf4 Nc4 $11) 55... g3 $2 (55... Ne3 $16 56. Bc5+ (56. Rg5 Nc4 $11) 56... Kd7) 56. a6 $18 g2 57. Rg5 Rh1+ 58. Kg6 Ra1 59. a7 (59. Rxg2 Rxa6 60. Rxc2 Rxb6+ 61. Kf5 Rh6 $11) 59... Ne1 60. Kh7 (60. Kf5 $142 Nf3 61. Rg8 (61. Rxg2 Nh4+ 62. Kg4 Nxg2 $11) 61... Nh4+ 62. Kf4 Rf1+ 63. Ke5 Nf3+ 64. Kd5 Rd1+ 65. Kc6 Ne5+ 66. Kb7) 60... Kd7 61. Rg8 Kc6 62. Bd4 (62. a8=B+ $2 {too greedy.} Kxb6 63. Bd5 Ra3 $19) 62... Ra3 63. a8=Q+ Rxa8 64. Rxa8 Nf3 65. Be3 g1=Q 66. Bxg1 Nxg1 67. Kg6 Nf3 68. Kf6 1-0

[Event "45th FIDE Womens Olympiad 2024"]
[Site "Budapest"]
[Date "2024.09.19"]
[Round "8.2"]
[White "Vaishali, Rameshbabu"]
[Black "Socko, Monika"]
[Result "0-1"]
[ECO "B12"]
[WhiteElo "2498"]
[BlackElo "2422"]
[Annotator "TA"]
[PlyCount "82"]
[EventDate "2024.09.05"]
[EventType "team-tourn"]
[EventCountry "HUN"]
[SourceTitle "playchess.com"]
[Source "ChessBase"]
[SourceQuality "1"]
[WhiteTeam "India"]
[BlackTeam "Poland"]
[WhiteTeamCountry "IND"]
[BlackTeamCountry "POL"]
[TimeControl "40/5400+30:1800+30"]

1. e4 c6 2. d4 d5 3. e5 c5 4. Nf3 cxd4 5. Nxd4 Nc6 6. Nxc6 bxc6 7. Bd3 e6 8. O-O {[%emt 0:01:32] The position is equal.} Ne7 9. Nd2 Ng6 10. Nf3 Be7 11. c3 O-O 12. Re1 c5 13. Qa4 Bb7 14. Qg4 d4 15. c4 a5 16. Re2 Ra6 17. Ng5 Qc7 18. h4 Bxg5 (18... Nxe5 $2 19. Bxh7+ Kh8 20. Rxe5 Qxe5 21. Bf4 $18) 19. Bxg5 Nxe5 20. Qg3 f6 {[%emt 0:00:04][%cal Oc7f7] Threatens to win with ...Qf7!} 21. Bf4 $1 ({Much worse is} 21. Bxf6 Nf3+ 22. gxf3 Qxg3+ 23. fxg3 gxf6 $11) 21... Rb6 22. h5 (22. b3 $16) 22... Qf7 $1 $11 23. Bxe5 fxe5 24. b3 ({Don't play} 24. Qxe5 Bxg2 25. Kxg2 Qf3+ 26. Kh2 Qxd3 $17) 24... e4 ({Worse is} 24... Qxh5 25. Rxe5 (25. Qxe5 Qg4 $11) 25... Qh6 26. Rxc5 $16) 25. Bxe4 Qxh5 26. Rae1 (26. Bd3 $11) 26... Bxe4 $15 27. Rxe4 {[%emt 0:00:02] [#]} a4 28. Re5 Qf7 29. Rxc5 axb3 30. axb3 {[%emt 0:00:07] [#]} Rxb3 $1 31. f3 $1 d3 32. Qd6 Qf6 $36 {[%emt 0:00:47][%mdl 2048] ...Rd8 would now be deadly. White is under pressure.} 33. Rd1 (33. Rce5 $11 {remains equal.}) 33... Rd8 $17 34. Qe5 Qxe5 35. Rxe5 {[%emt 0:00:02][%mdl 4096] Endgame. KRR-KRR} Kf7 36. Rc5 (36. Rd2 $142) 36... Rb2 37. Rc7+ Kf6 {[%emt 0:00:05] Black is more active.} 38. Kh2 (38. c5 $17) 38... Rc2 {[%emt 0:01:39] Strongly threatening ...d2.} 39. Kg3 (39. c5 $142) 39... h5 $19 {[%emt 0:03:48][%cal Oh5h4] Hoping for ...h4+!} 40. Rc5 $2 {[%emt 0:00:37] [#]} (40. f4) 40... h4+ $1 41. Kxh4 d2 {[%emt 0:01:59] Weighted Error Value: White=0.36/Black=0.09 (flawless) .  Mistake:       	White=7     	Black=1      Inaccurate:     	White=1     	Black=1      OK:         	White=15    	Black=16     Best:        	---       	Black=1      Strong:       	White=2     	Black=1      Brilliant:      	---       	Black=1} 0-1

[Event "45th FIDE Womens Olympiad 2024"]
[Site "Budapest"]
[Date "2024.09.19"]
[Round "8.2"]
[White "Thomas, Nelissa"]
[Black "Zenobia Wasif"]
[Result "1-0"]
[ECO "A45"]
[WhiteElo "1631"]
[BlackElo "1743"]
[PlyCount "137"]
[EventDate "2024.09.05"]
[EventType "team-tourn"]
[EventCountry "HUN"]
[WhiteTeam "Bahamas"]
[BlackTeam "Pakistan"]
[WhiteTeamCountry "BAH"]
[BlackTeamCountry "PAK"]
[TimeControl "40/5400+30:1800+30"]

1. d4 Nf6 2. e3 g6 3. Bd3 Bg7 4. f4 e6 5. Nf3 d5 6. O-O O-O 7. Ne5 Nbd7 8. Nd2 Nxe5 9. dxe5 Nd7 10. c3 c5 11. Nf3 c4 12. Bc2 Nc5 13. g4 f6 14. exf6 Qxf6 15. g5 Qe7 16. Nh4 Qe8 17. Nf3 e5 18. Qxd5+ Ne6 19. Nxe5 Kh8 20. Nxc4 Bd7 21. Qg2 Bb5 22. b3 Bxc4 23. bxc4 Bxc3 24. Rb1 b6 25. f5 gxf5 26. Bxf5 Nxg5 27. Kh1 Qh5 28. Bb2 Bg7 29. Bxg7+ Kxg7 30. e4 Rad8 31. Rg1 Kh6 32. Bxh7 Rf7 33. Bf5 Rg7 34. Qg4 Qxg4 35. Rxg4 Nf3 36. Rxg7 Kxg7 37. Kg2 Nh4+ 38. Kg3 Nxf5+ 39. exf5 Kf6 40. Rf1 Rd4 41. Rf4 Rd2 42. a4 Rc2 43. h4 Rc1 44. Kf3 Rc3+ 45. Kg4 Rc1 46. Kf3 Ke5 47. Ke3 Rc3+ 48. Kd2 Rh3 49. f6 Rh2+ 50. Ke3 Rh3+ 51. Rf3 Rxf3+ 52. Kxf3 Kxf6 53. h5 Kg5 54. Ke4 Kxh5 55. Kd5 Kg6 56. Kc6 Kf6 57. Kb7 Ke5 58. Kxa7 Kd4 59. Kxb6 Kxc4 60. a5 Kd5 61. a6 Kd6 62. a7 Kd7 63. a8=Q Kd6 64. Qe4 Kd7 65. Qc6+ Ke7 66. Kc5 Kf7 67. Kd5 Ke7 68. Qe6+ Kd8 69. Qf7 1-0

[Event "45th FIDE Womens Olympiad 2024"]
[Site "Budapest"]
[Date "2024.09.19"]
[Round "8.3"]
[White "Maltsevskaya, Aleksandra"]
[Black "Divya Deshmukh"]
[Result "0-1"]
[ECO "A30"]
[WhiteElo "2404"]
[BlackElo "2483"]
[Annotator "TA"]
[PlyCount "128"]
[EventDate "2024.09.05"]
[EventType "team-tourn"]
[EventCountry "HUN"]
[SourceTitle "playchess.com"]
[Source "ChessBase"]
[SourceQuality "1"]
[WhiteTeam "Poland"]
[BlackTeam "India"]
[WhiteTeamCountry "POL"]
[BlackTeamCountry "IND"]
[TimeControl "40/5400+30:1800+30"]

1. Nf3 Nf6 2. c4 c5 3. g3 Nc6 4. Bg2 d6 5. d4 cxd4 6. Nxd4 {[%emt 0:00:06] A30: Symmetrical English: Double Fianchetto and Hedgehog.} Bd7 7. O-O {[%emt 0:03:09] 7.0-0 is better than 7.Nc3.} g6 8. b3 Bg7 9. Bb2 h5 10. Nc3 h4 11. Nxc6 {[%emt 0:17:53] was the old line (11.Nd5).} Bxc6 12. Nd5 Bxd5 13. cxd5 hxg3 14. hxg3 Qa5 $146 ({Predecessor:} 14... Rc8 15. Qd2 Qd7 16. Rac1 O-O 17. Bxf6 Bxf6 18. Rxc8 Rxc8 19. Rc1 {½-½ Van der Sterren,P (2550)-Lerner,K (2575) Bundesliga 9899 1998 (2.2)}) 15. Qd3 O-O 16. a4 Rfc8 17. Rfc1 Rab8 18. Bf3 a6 19. Kg2 Rxc1 20. Rxc1 b5 21. Bc3 Qd8 22. Bd4 bxa4 23. bxa4 Qa5 24. Rc4 (24. Ba7 $14 Rf8 25. Qc4) 24... Nd7 $11 25. Bxg7 Kxg7 26. Qe3 Ne5 27. Rh4 Rh8 28. Rxh8 Kxh8 29. Be4 $2 (29. Qd4 $11 {and White stays safe.}) 29... Qxa4 $19 30. f4 Ng4 31. Qc3+ Nf6 32. Bf3 Kh7 33. f5 $2 (33. Qe3 {might work better.}) 33... g5 34. Kh2 Qd7 35. Qe3 g4 (35... Qxf5 36. Qxe7 Qg6 (36... Nxd5 37. Qe4 $18) 37. Kg1 $17 (37. Qxd6 $2 Ng4+ 38. Bxg4 Qxd6 $19)) 36. Bg2 Qc7 (36... Qxf5 37. Qxe7 Qg6 (37... Nxd5 $2 38. Qe4 $18) 38. Qxd6 $11) 37. Qg5 Qc8 38. Qh4+ Kg7 39. Qg5+ Kh7 40. Qh4+ Kg7 41. Qg5+ Kf8 42. e4 Ke8 43. Qf4 Qc3 44. Qh6 Nd7 45. Qg5 Ne5 46. Qg8+ Kd7 47. Qa8 Qc8 48. Qa7+ Ke8 49. Qf2 f6 50. Qa2 Kf7 51. Qd2 Kg7 52. Qa2 Qb7 (52... Qc1 $142 53. Qf2 Kf7 54. Bh3 a5 (54... gxh3 55. Qf4 Qe1 56. g4 Qh4 57. Kg1 Nxg4 58. Kf1 h2 59. Ke2 h1=Q 60. Kd3 Qd1+ 61. Kc4 Qhe1 62. Qxg4 Qc2+ 63. Kd4 Qef2#) (54... Qh6 55. Kg1 Qxh3 56. Qe2 Qxg3+ 57. Kf1 Nd3 58. e5 fxe5 59. f6 Kxf6 60. Qd2 Qf3+ 61. Kg1 Nf4 62. Qc2 Ne2+ 63. Qxe2 Qxe2 64. Kh1 g3 65. Kg1 Qh2+ 66. Kf1 Qf2#) 55. Bf1 Nf3+ 56. Kg2 Qh6 57. Qxf3 gxf3+ 58. Kxf3 a4 59. e5 fxe5 60. Kg4 Qc1 61. Be2 a3 62. Kh3 a2 (62... Qh1+ 63. Kg4 a2 64. Kg5 a1=Q 65. Bh5+ Kg8 66. f6 Qac1+ 67. Kf5 Qxh5+ 68. Ke6 Qc7 69. fxe7 Qg6#) 63. Bh5+ Kf6 64. Bd1 a1=Q (64... a1=B 65. Bf3 Qf1+ 66. Bg2 Qxf5+ 67. g4 Qf2 68. Kh2 Kg5 69. Kh1 Qh4+ 70. Kg1 Bd4+ 71. Kf1 Qf2#) 65. g4 Qe3+ (65... Qxd1 66. Kg3 Qa3+ 67. Kh2 Qe2+ 68. Kh1 Qc1#) 66. Kg2 Qb2+ (66... Qxd1 $2 67. g5+ Qxg5+ 68. Kh3 Qdh5#) 67. Bc2 Qxc2+ 68. Kh1 Qe1#) 53. Qa5 Kf7 54. Qd2 Qb6 55. Qh6 Kg8 56. Qh5 Qb8 57. Kh1 Kg7 58. Kg1 a5 59. Bf1 a4 60. Bc4 a3 (60... Nxc4 61. Qg6+ Kh8 62. Qh6+ Kg8 63. Qg6+ Kf8 64. Qh6+ Kg8 65. Qg6+ Kf8 66. Qh6+ Kg8 $11) 61. Ba2 Qb2 62. Qe8 Nf3+ 63. Kf1 Qc1+ ({Weaker is} 63... Qxa2 64. Qxe7+ Kh8 (64... Kg8 65. Qe8+ Kh7 66. Qg6+ Kh8 67. Qxf6+ Kg8 68. Qd8+ Kf7 69. Qd7+ Kf8 70. Qd8+ Kf7 71. Qd7+ Kf8 72. Qd8+ Kf7 $11) 65. Qxf6+ (65. Qf8+ Kh7 $11) 65... Kg8 66. Qd8+ Kg7 67. Qe7+ Kg8 68. Qd8+ Kf7 69. Qd7+ Kf8 (69... Kg8 70. Qe8+ Kg7 71. Qe7+ Kg8 72. Qd8+ $11) 70. Qd8+ Kf7 71. Qd7+ Kf8 (71... Kg8 72. Qc8+ Kh7 73. Qd7+ Kg8 74. Qe6+ Kf8 75. Qc8+ Kg7 76. Qd7+ Kf8 77. Qc8+ Kf7 78. Qd7+ $11) 72. Qxd6+ Ke8 73. Qc6+ Ke7 74. Qc7+ Kf8 75. Qd8+ Kf7 76. Qd7+ Kf8 77. Qd6+ Ke8 78. Qe6+ Kd8 79. Qg8+ Kd7 80. Qe6+ Kd8 81. Qf6+ (81. Qg8+ Kd7 $11) 81... Ke8 82. Qe6+ Kf8 83. Qf6+ Kg8 84. Qe6+ Kf8 85. Qf6+ Kg8 86. Qg6+ Kf8 87. Qh6+ Kf7 88. Qe6+ Kf8 $11) 64. Ke2 Qd2+ 0-1

[Event "45th FIDE Womens Olympiad 2024"]
[Site "Budapest"]
[Date "2024.09.19"]
[Round "8.3"]
[White "Mehak Gul"]
[Black "Johnson, Daijah"]
[Result "1-0"]
[ECO "E62"]
[WhiteElo "1709"]
[BlackElo "1625"]
[PlyCount "33"]
[EventDate "2024.09.05"]
[EventType "team-tourn"]
[EventCountry "HUN"]
[WhiteTeam "Pakistan"]
[BlackTeam "Bahamas"]
[WhiteTeamCountry "PAK"]
[BlackTeamCountry "BAH"]
[TimeControl "40/5400+30:1800+30"]

1. d4 Nf6 2. Nf3 g6 3. g3 Bg7 4. Bg2 d6 5. c4 O-O 6. O-O c6 7. Nc3 Bg4 8. Qb3 Qc7 9. h3 Bxf3 10. Bxf3 Nbd7 11. Bg5 e5 12. dxe5 Nxe5 13. Bg2 Rad8 14. Ne4 Ned7 15. Qf3 Ne5 16. Nxf6+ Kh8 17. Qf4 1-0

[Event "45th FIDE Womens Olympiad 2024"]
[Site "Budapest"]
[Date "2024.09.19"]
[Round "8.4"]
[White "Vantika Agrawal"]
[Black "Sliwicka, Alicja"]
[Result "1/2-1/2"]
[ECO "A14"]
[WhiteElo "2370"]
[BlackElo "2373"]
[Annotator "TA"]
[PlyCount "157"]
[EventDate "2024.09.05"]
[EventType "team-tourn"]
[EventCountry "HUN"]
[SourceTitle "playchess.com"]
[Source "ChessBase"]
[SourceQuality "1"]
[WhiteTeam "India"]
[BlackTeam "Poland"]
[WhiteTeamCountry "IND"]
[BlackTeamCountry "POL"]
[TimeControl "40/5400+30:1800+30"]

1. d4 d5 2. c4 e6 3. Nf3 Nf6 4. g3 Be7 5. Bg2 O-O 6. O-O c6 7. Nc3 a5 8. b3 b6 9. Bb2 Ba6 {[%emt 0:00:33] A14: English Opening: 1...e6 with b3 by White.} 10. Nd2 b5 11. c5 b4 12. Na4 Nbd7 13. Re1 Bb5 14. e4 dxe4 15. Nxe4 Nxe4 16. Bxe4 Qc7 17. Qc2 h6 18. Bh7+ $146 ({Predecessor:} 18. Bf3 Rfd8 {½-½ Koch,C (2371)-Sorcinelli,A (2338) RM-2022-0-00252 2021}) 18... Kh8 19. Bd3 Rad8 20. Rad1 Bxa4 21. bxa4 Nf6 22. Qe2 Rd5 23. h4 Rfd8 24. Bc4 R5d7 25. Qf3 Kg8 26. Bd3 Nd5 27. Bc2 Bf6 28. Re4 g6 29. h5 g5 30. Kg2 Bg7 31. Bb3 Re7 32. Ree1 Qd7 33. Re4 Qe8 34. Re2 f5 35. Rde1 g4 36. Qd3 Qf7 37. Kg1 Nc7 38. Re3 Rde8 39. a3 bxa3 40. Bxa3 Rd8 41. Bb2 Kh8 42. Bc3 Rdd7 43. R3e2 Qf6 (43... Kh7 $16 44. Bxa5 Rxd4) 44. Bxa5 $18 Rxd4 $2 (44... Qxd4 45. Qc2 Qd3 46. Bxc7 (46. Bxe6 $2 Qxc2 47. Rxc2 Rxe6 $19) 46... Qxc2 47. Bxc2 Rxc7 48. Rxe6 Rf7) 45. Qc2 $18 Rd8 46. Bxc7 Rxc7 47. Rxe6 (47. Bxe6 Rf8 48. Ba2 Qd8 $18) 47... Qf8 48. a5 Rcd7 (48... Ra7 $142 49. Rd6 (49. Rxc6 f4 $18) 49... Rda8) 49. R1e2 $18 (49. Rxc6 f4 50. gxf4 g3 51. fxg3 Rd3 $18) 49... Rd3 50. Rd6 R3xd6 51. cxd6 f4 52. Qg6 Rxd6 53. Qxg4 (53. Re6 fxg3 54. Qe8 (54. Rxd6 $2 Qxf2+ 55. Kh1 Qh2#) (54. fxg3 Bd4+) 54... gxf2+ 55. Kf1 Rd3 $17) 53... fxg3 54. fxg3 Rf6 55. Kg2 Qa8 56. Qe4 $2 (56. Bc4 $18 {Threatening mate with Re7.} c5+ 57. Kh2) 56... Qxa5 $11 57. Qe8+ Rf8 58. Qg6 Qf5 59. Qxf5 (59. Qxc6 {gets mated.} Qf1+ (59... Qxh5 60. Re6 $11) 60. Kh2 Qxe2+ 61. Kh3 Qf1+ (61... Qxh5+ {is a self mate.} 62. Kg2 Qe2+ 63. Kh3 Qf1+ 64. Qg2 Qf5+ 65. g4 Qd3+ 66. Kh4 Bf6+ 67. Kh5 Qxb3 68. g5 Bxg5 69. Qh1 Kg8 70. Qc6 Qh3+ 71. Kg6 Qf5+ 72. Kh5 Bf6+ 73. Kxh6 Qh7#) 62. Qg2 Qf5+ 63. Kh2 Qxh5+ 64. Qh3 Qe2+ (64... Rf2+ 65. Kg1 Qf3 66. Qc8+ Bf8 67. Qc3+ Qxc3 68. Kxf2 Bc5+ 69. Ke2 Qe3+ 70. Kd1 Qd3+ 71. Ke1 Be3 72. Be6 Qd2+ 73. Kf1 Qf2#) 65. Qg2 Rf2 (65... Qh5+ 66. Qh3 Rf2+ 67. Kg1 Qf3 68. Qc8+ Bf8 69. Qc3+ Qxc3 70. Kxf2 Bc5+ 71. Ke2 Qe3+ 72. Kd1 Qd3+ 73. Ke1 Be3 74. Be6 Qd2+ 75. Kf1 Qf2#) (65... Qh5+ 66. Qh3 Rf2+ 67. Kg1 Qf3 68. Qc8+ Bf8 69. Qc3+ Qxc3 70. Kxf2 Bc5+ 71. Ke2 Qe3+ 72. Kd1 Qd3+ 73. Ke1 Be3 74. Be6 Qd2+ 75. Kf1 Qf2#)) 59... Rxf5 60. g4 Rf8 61. Re6 Rf6 62. Re8+ Rf8 63. Re7 c5 64. Rc7 Bd4 65. Rc6 Kg7 66. Bd5 Rf6 67. Rc7+ Kf8 68. Rb7 Ke8 69. Be4 Ra6 70. Bg6+ Kd8 71. Kf3 Bf6 72. Ke4 Rd6 73. Rh7 Bg5 74. Bf5 Rd4+ 75. Ke5 Bf4+ 76. Ke6 Rd6+ 77. Kf7 Kc7 78. Rh8 Kb6 79. Rb8+ 1/2-1/2

[Event "45th FIDE Womens Olympiad 2024"]
[Site "Budapest"]
[Date "2024.09.19"]
[Round "8.4"]
[White "Pride, Chika"]
[Black "Aayat Asmi"]
[Result "1-0"]
[ECO "C01"]
[WhiteElo "1587"]
[BlackElo "1421"]
[PlyCount "68"]
[EventDate "2024.09.05"]
[EventType "team-tourn"]
[EventCountry "HUN"]
[WhiteTeam "Bahamas"]
[BlackTeam "Pakistan"]
[WhiteTeamCountry "BAH"]
[BlackTeamCountry "PAK"]
[TimeControl "40/5400+30:1800+30"]

1. e4 e6 2. d4 d5 3. exd5 exd5 4. Nc3 Nf6 5. Nf3 Bd6 6. Bd3 O-O 7. O-O Re8 8. Bg5 c6 9. Ne2 Bg4 10. Ng3 h6 11. Bxf6 Qxf6 12. Be2 Nd7 13. h3 Bxf3 14. Bxf3 Re7 15. Qd3 Rae8 16. Nf5 Re6 17. Bg4 Qd8 18. Ne3 R6e7 19. Rae1 Nf6 20. f4 Nxg4 21. hxg4 Qb6 22. a3 Qxb2 23. Rb1 Qxa3 24. Rb3 Qa5 25. Rf3 Qe1+ 26. Nf1 Qh4 27. Nh2 Re1+ 28. Rf1 Rxf1+ 29. Nxf1 b6 30. Qf5 g6 31. Qd7 Qe7 32. Qxc6 Bxf4 33. Qxd5 Qe1 34. Rf3 Bd6 1-0

[Event "45th FIDE Womens Olympiad 2024"]
[Site "Budapest"]
[Date "2024.09.19"]
[Round "8.5"]
[White "Gaal, Zsoka"]
[Black "Osmak, Yuliia"]
[Result "1/2-1/2"]
[ECO "D27"]
[WhiteElo "2385"]
[BlackElo "2471"]
[Annotator "TA"]
[PlyCount "120"]
[EventDate "2024.09.05"]
[EventType "team-tourn"]
[EventCountry "HUN"]
[SourceTitle "playchess.com"]
[Source "ChessBase"]
[SourceQuality "1"]
[WhiteTeam "Hungary"]
[BlackTeam "Ukraine"]
[WhiteTeamCountry "HUN"]
[BlackTeamCountry "UKR"]
[TimeControl "40/5400+30:1800+30"]

1. d4 d5 2. c4 dxc4 3. Nf3 Nf6 4. e3 e6 5. Bxc4 a6 6. O-O c5 7. Be2 {[%emt 0:00:17] D27: Queen's Gambit Accepted: Classical main line: 7 e4!? and 7 a4.} Nbd7 8. b3 Be7 9. Bb2 O-O 10. Nbd2 b6 11. Rc1 Bb7 12. Qc2 Rc8 13. Qb1 cxd4 14. Nxd4 Bb4 15. Rfd1 Rxc1 $146 ({Predecessor:} 15... Qe7 16. Bf3 Ne5 17. Bxb7 Qxb7 18. N2f3 Nxf3+ 19. Nxf3 h6 20. Bxf6 gxf6 21. Qb2 Be7 {0-1 Miszler,L (2194)-Estrada Nieto,J (2253) Titled Tuesday intern op 08th Feb Late blitz 2022 (7)}) 16. Qxc1 Qa8 17. Bf3 Rc8 18. Qb1 Nd5 19. a3 Bf8 20. Nc4 h6 (20... N5f6 $11) 21. h3 ({Better is} 21. e4 $14 N5f6 22. Nxe6 fxe6 23. Bxf6 Nxf6 24. Nxb6) 21... N5f6 $11 22. Rc1 Bd5 23. Qa1 Qb7 24. Bxd5 Qxd5 25. Nd2 Rxc1+ 26. Qxc1 Nc5 27. Qc2 b5 28. b4 Nce4 29. N2f3 Nd6 30. a4 Nc4 31. axb5 axb5 (31... Bxb4 $2 32. bxa6 Nd7 33. Qb3 $18 (33. a7 Ndb6 $18)) 32. Bc3 e5 33. Ne2 Bd6 34. Be1 e4 35. Nfd4 Qe5 36. Ng3 h5 37. Qa2 Qd5 38. Ngf5 g6 39. Nxd6 Nxd6 40. Qa6 Nfe8 41. Bc3 Qc4 42. Qa1 Nc7 43. Nc2 Nde8 44. Na3 Qd3 45. Be5 Qd2 46. Qb1 Qd5 47. Qb2 Kh7 48. Qc3 Ne6 49. Kh1 h4 50. Nc2 g5 51. Bd4 Nd6 52. Qa1 Qb3 53. Qd1 Kg6 54. Ba1 (54. Qc1 {simplifies} f6 55. Kg1 Nc4 56. Ba1) 54... Nc4 55. f4 $2 {[%emt 0:01:38] [#]} (55. Qc1 $1 $11 {and White stays safe.}) 55... exf3 $2 (55... gxf4 $2 {loses.} 56. Qg4+ Ng5 57. exf4 $18) (55... Nxe3 56. Nxe3 Qxe3 57. f5+ Kxf5 58. Qf1+ Qf4 59. Qxb5+ Kg6 60. Be5 $11) (55... Qd3 $1 $19 56. f5+ Kh6 (56... Kxf5 57. Qh5 $11)) 56. Qxf3 $11 Qxc2 57. Qf6+ Kh5 58. Qh8+ Kg6 59. Qf6+ Kh5 60. Qh8+ Kg6 1/2-1/2

[Event "45th FIDE Womens Olympiad 2024"]
[Site "Budapest"]
[Date "2024.09.19"]
[Round "8.6"]
[White "Ushenina, Anna"]
[Black "Hoang, Thanh Trang"]
[Result "1-0"]
[ECO "D31"]
[WhiteElo "2417"]
[BlackElo "2351"]
[Annotator "TA"]
[PlyCount "161"]
[EventDate "2024.09.05"]
[EventType "team-tourn"]
[EventCountry "HUN"]
[SourceTitle "playchess.com"]
[Source "ChessBase"]
[SourceQuality "1"]
[WhiteTeam "Ukraine"]
[BlackTeam "Hungary"]
[WhiteTeamCountry "UKR"]
[BlackTeamCountry "HUN"]
[TimeControl "40/5400+30:1800+30"]

1. d4 d5 2. c4 e6 3. Nc3 a6 4. cxd5 exd5 5. Bf4 Nf6 6. e3 Bd6 7. Bg5 c6 8. Bd3 O-O 9. Nge2 Re8 10. Qc2 h6 11. Bh4 Be6 12. h3 Nbd7 13. O-O Rc8 14. Rad1 Nf8 15. a3 Be7 16. f3 c5 17. Bf2 b5 18. Qd2 Qb6 19. dxc5 Bxc5 20. b4 Bd6 21. Bb1 Qb8 22. f4 Rcd8 23. Nd4 Qb7 24. Qd3 Ne4 25. Nxe6 Rxe6 26. Qxd5 Qxd5 27. Nxd5 Nxf2 28. Kxf2 Ree8 29. Kf3 Ne6 30. Rd2 Nc7 31. Rfd1 Nxd5 32. Rxd5 Be7 33. Rd7 Kf8 34. Be4 Bf6 35. Bb7 Rxd7 36. Rxd7 Re6 {[%emt 0:01:58] [#]} 37. Bd5 (37. f5 $1 $18 {[%cal Rf5e6] is more deadly.} Rb6 38. Bd5) 37... Re7 $16 38. Rd6 Ra7 39. Bc6 a5 (39... Ke7 $14 40. Rd2 Rc7) 40. Bxb5 axb4 41. axb4 Rb7 42. Rd5 Ke7 ({Better is} 42... Be7) 43. Rc5 Bb2 44. e4 Ba3 45. Re5+ Kf6 (45... Kd6 $16 46. Rd5+ Kc7) 46. Rf5+ Ke7 47. Bc4 (47. Bc6 $18 Rxb4 48. Ra5) 47... f6 $16 48. b5 Rc7 49. Bd3 Rc5 (49... Rd7 $16) 50. Rxc5 $18 Bxc5 51. e5 fxe5 $2 (51... Bb4 52. b6 Bc5) 52. fxe5 $18 Bb6 53. Ke4 Bc7 54. Kd5 g5 55. Bf5 (55. Be2 $142 Bb6 56. Ke4) 55... h5 56. Bg6 h4 57. Bf5 Bb6 58. Bg4 Bc7 59. Ke4 Bb6 60. Kf5 Be3 61. Bh5 Bf2 62. Be2 (62. Kxg5 Ke6 63. Kf4 Bg3+ 64. Kg5 Bf2 $16) 62... Be3 63. Bc4 Bd4 64. Kxg5 Bxe5 65. Kxh4 Bd4 66. Kg5 Kf8 67. Kg6 Bf2 68. g4 Ke7 69. Kf5 Kf8 70. g5 Kg7 71. Kg4 Bd4 72. h4 Be3 73. Kf5 Bf2 74. h5 Be3 75. h6+ Kh8 76. Kg4 Kh7 77. Bd3+ Kh8 78. Kh5 Kg8 79. g6 Bd4 80. Bc4+ Kh8 81. g7+ 1-0

[Event "45th FIDE Womens Olympiad 2024"]
[Site "Budapest"]
[Date "2024.09.19"]
[Round "8.6"]
[White "Wahid, Chelsea"]
[Black "Cadeau, Merisena"]
[Result "0-1"]
[ECO "D06"]
[WhiteElo "1482"]
[BlackElo "1671"]
[PlyCount "110"]
[EventDate "2024.09.05"]
[EventType "team-tourn"]
[EventCountry "HUN"]
[WhiteTeam "Saint Lucia"]
[BlackTeam "Haiti"]
[BlackTeamCountry "HAI"]
[TimeControl "40/5400+30:1800+30"]

1. d4 d5 2. c4 Nf6 3. cxd5 Qxd5 4. Nc3 Qd8 5. Nf3 Bf5 6. Bf4 c6 7. e3 e6 8. Bd3 Bg4 9. O-O Be7 10. h3 Bh5 11. Ne4 Nd5 12. Bh2 O-O 13. Ng3 Bg6 14. Re1 Bb4 15. Re2 Nd7 16. Bxg6 hxg6 17. Nf1 N7f6 18. e4 Nb6 19. Rc1 Re8 20. N1d2 Rc8 21. Nc4 Nxc4 22. Rxc4 Ba5 23. Qc2 Bc7 24. Bxc7 Qxc7 25. Ne5 Nd7 26. Nxd7 Qxd7 27. Qc3 Qc7 28. e5 f6 29. Qg3 Kf7 30. Re4 Rh8 31. Rg4 Rh6 32. exf6 gxf6 33. Qe3 Rh7 34. Re4 Qd6 35. Qb3 Rc7 36. Rc2 Rh5 37. Rce2 Re7 38. Qa4 a6 39. Qb3 Rb5 40. Qc2 Qd5 41. b3 Qd6 42. Rh4 Kg7 43. Qd2 g5 44. Rhe4 Rd5 45. Qe3 Kf7 46. h4 f5 47. Re5 gxh4 48. Rxd5 exd5 49. Qd3 Rxe2 50. Qxe2 Qg6 51. Qf3 Qg4 52. Qxg4 fxg4 53. Kf1 Kf6 54. Ke2 Kf5 55. f3 Kf4 {0-} 0-1

[Event "45th FIDE Womens Olympiad 2024"]
[Site "Budapest"]
[Date "2024.09.19"]
[Round "8.7"]
[White "Papp, Petra"]
[Black "Buksa, Nataliya"]
[Result "1/2-1/2"]
[ECO "D02"]
[WhiteElo "2259"]
[BlackElo "2387"]
[Annotator "TA"]
[PlyCount "51"]
[EventDate "2024.09.05"]
[EventType "team-tourn"]
[EventCountry "HUN"]
[SourceTitle "playchess.com"]
[Source "ChessBase"]
[SourceQuality "1"]
[WhiteTeam "Hungary"]
[BlackTeam "Ukraine"]
[WhiteTeamCountry "HUN"]
[BlackTeamCountry "UKR"]
[TimeControl "40/5400+30:1800+30"]

1. d4 d5 2. Nf3 Nf6 3. Bf4 c5 4. e3 Nc6 5. Nbd2 cxd4 {[%emt 0:01:10] The position is equal.} 6. exd4 Qb6 7. Nb3 Bf5 8. c3 e6 9. a4 {[%emt 0:08:29] And now a5 would win.} a6 10. a5 Qd8 11. Bd3 Bxd3 12. Qxd3 Be7 13. O-O O-O 14. h3 Nd7 15. Ra2 b6 16. axb6 Qxb6 17. Nbd2 a5 18. Rfa1 Ra7 19. h4 h6 20. Qe2 Rb7 21. Nf1 Qb5 22. Qd2 Kh7 23. Qc2+ Kg8 24. Qd2 Kh7 25. Qc2+ Kg8 26. Qd2 {[%emt 0:05:01] Not much happened in this game.   Weighted Error Value: White=0.02 (flawless) /Black=0.03 (flawless) .  OK:         	White=7     	Black=12} 1/2-1/2